 Dungeon Crawl Stone Soup version 0.28.0-1-gb440e238dd (webtiles) character file.

Game seed: 12677779883178208984

53 Ablot the Grasshopper (level 3, 0/31 HPs)
             Began as a Gnoll Warper on Feb 26, 2022.
             Slain by an adder (4 damage)
             ... on level 1 of the Dungeon.
             The game lasted 00:02:36 (2479 turns).

Ablot the Grasshopper (Gnoll Warper)                Turns: 2479, Time: 00:02:37

Health: 0/31       AC:  4    Str: 12    XL:     3   Next: 87%
Magic:  5/9        EV: 12    Int: 12    God:
Gold:   47         SH:  0    Dex: 11    Spells: 10/12 levels left

rFire   . . .      SeeInvis .   a - +0 spear
rCold   . . .      Faith    .   (no shield)
rNeg    . . .      Spirit   .   b - +0 leather armour
rPois   .          Reflect  .   i - +0 helmet
rElec   .          Harm     .   (no cloak)
rCorr   .          Rampage  .   (no gloves)
Will    .....                   (no boots)
Stlth   +.........              (no amulet)
HPRegen 0.10/turn               (no ring)
MPRegen 0.11/turn               (no ring)

@: on blink cooldown, very slightly contaminated
A: fangs 1, strong nose, distributed training
a: no special abilities


You were on level 1 of the Dungeon.
You visited 1 branch of the dungeon, and saw 3 of its levels.

You collected 47 gold pieces.

Inventory:

Hand Weapons
 a - a +0 spear (weapon)
Missiles
 d - 5 boomerangs of dispersal (quivered)
 e - 80 stones
 l - 12 sling bullets
 q - 16 arrows
 r - 4 poisoned darts
Armour
 b - a +0 leather armour (worn)
 i - a +0 helmet (worn)
Scrolls
 c - a scroll of blinking
 f - 2 scrolls of noise {unknown}
 g - a scroll of brand weapon {unknown}
 h - a scroll of vulnerability {unknown}
 k - 3 scrolls of identify {unknown}
 m - a scroll of fear {unknown}
 n - a scroll of enchant armour {unknown}
 o - a scroll of teleportation {unknown}
Potions
 j - a potion of curing {unknown}
 p - a potion of flight {unknown}


   Skills:
 + Level 4.6 Fighting
 + Level 1.0 Short Blades
 + Level 1.0 Long Blades
 + Level 1.0 Axes
 + Level 1.0 Maces & Flails
 + Level 4.6 Polearms
 + Level 1.0 Staves
 + Level 1.0 Slings
 + Level 1.0 Bows
 + Level 1.0 Crossbows
 + Level 2.6 Throwing
 + Level 2.6 Armour
 + Level 4.6 Dodging
 + Level 1.0 Stealth
 + Level 1.0 Shields
 + Level 1.0 Unarmed Combat
 + Level 5.0 Spellcasting
 + Level 0.7 Conjurations
 + Level 0.7 Hexes
 + Level 0.7 Summonings
 + Level 0.7 Necromancy
 + Level 5.4 Translocations
 + Level 0.7 Transmutations
 + Level 0.7 Fire Magic
 + Level 0.7 Ice Magic
 + Level 0.7 Air Magic
 + Level 0.7 Earth Magic
 + Level 0.7 Poison Magic
 + Level 1.0 Invocations
 + Level 1.0 Evocations


You had 10 spell levels left.
You knew the following spells:

 Your Spells              Type           Power      Damage    Failure   Level
a - Blink                 Tloc           32%        N/A       4%          2

Your spell library contained the following spells:

 Spells                   Type           Power      Damage    Failure   Level
 Gell's Gravitas          Tloc           16%        N/A       9%          3
 Lesser Beckoning         Tloc           16%        N/A       9%          3
 Teleport Other           Tloc           16%        N/A       9%          3
 Manifold Assault         Tloc           16%        N/A       58%         5


Dungeon Overview and Level Annotations

Branches:
Dungeon (3/15)

Altars:

Shops:
D:1 =


Innate Abilities, Weirdness & Mutations

You have very sharp teeth.
Your uncanny sense of smell can sniff out nearby items.
Your experience applies equally to all skills.


Message History

The orc hits you but does no damage. The orc misses you.
The endoplasm freezes you.
You are frozen.
You climb upwards.
You feel sick.
There is a stone staircase leading down here.
Unknown command.
You closely miss the adder. Your bite misses the adder.
You feel sick. The adder misses you. The orc closely misses you.
The orc hits you with a +0 short sword. The endoplasm hits you.
You closely miss the adder.
You feel sick.
You are no longer poisoned.
The adder closely misses you. The orc closely misses you.
The orc barely misses you. The endoplasm freezes you.
You are frozen.
* * * LOW HITPOINT WARNING * * *
Casting: Blink (safe; 4% risk of failure)
Confirm with . or Enter, or press ? or * to list all spells.
You miscast Blink.
You are very lightly contaminated with residual magic.
Nothing appears to happen.
The adder barely misses you. The orc closely misses you.
The orc hits you but does no damage. The adder barely misses you.
The endoplasm freezes you.
You are frozen.
* * * LOW HITPOINT WARNING * * *
Unknown command.
Casting: Blink (safe; 4% risk of failure)
Confirm with . or Enter, or press ? or * to list all spells.
You blink.
There is an escape hatch in the ceiling here.
The adder barely misses you. The endoplasm freezes you.
You are frozen.
* * * LOW HITPOINT WARNING * * *
The adder bites you but does no damage. A mysterious force pulls you upwards.
The hatch slams shut behind you.
Unknown command.
The adder bites you.
You die...

##....∩..).....# #.#.##..#
#....#.#.......# #.#.....#
#.#.#...#......# #.#..#...
#######.#............####.#..####
.................................
############.##########.#.#..###.
.............................###.
.............###..#####..........
.############# #@...# ######.###.
.# #..## #.S.## ##.##.#... .#
##...# ##J### ##...#.#.#. .#
#...## #..# #....#..... ##
#....###.## ##..###.#.#. #
#.....#..# ##....##.#.#.
########.##..#.## #.....##.#.#.
.........###.#..# #....###.#.#.
......#### #..#.# #...####.#...


You could see an adder and an endoplasm.

Vanquished Creatures
  An adder (D:2)
  A dart slug (D:1)
  3 ball pythons
  3 endoplasms
  A giant cockroach (D:1)
  5 goblins
  6 hobgoblins
  2 quokkas
  3 bats
  7 frilled lizards
  4 kobolds
  5 rats
41 creatures vanquished.

Vanquished Creatures (others)
  4 plants (D:2)
4 creatures vanquished.

Grand Total: 45 creatures vanquished

Notes
Turn   | Place    | Note
-------+----------+-------------------------------------------
     0 | D:1      | Ablot the Gnoll Warper began the quest for the Orb.
     0 | D:1      | Reached XP level 1. HP: 20/20 MP: 6/6
   150 | D:1      | Reached XP level 2. HP: 14/26 MP: 7/7
   153 | D:1      | Learned a level 2 spell: Blink
   563 | D:1      | Found Duiqug's Jewellery Emporium.
   852 | D:1      | Reached XP level 3. HP: 31/31 MP: 9/9
  1098 | D:1      | Reached skill level 5 in Spellcasting
  1351 | D:2      | Found a faded altar of an unknown god.
  1762 | D:2      | Reached skill level 1 in Invocations
  2217 | D:2      | Reached skill level 1 in Short Blades
  2217 | D:2      | Reached skill level 1 in Long Blades
  2217 | D:2      | Reached skill level 1 in Axes
  2217 | D:2      | Reached skill level 1 in Maces & Flails
  2217 | D:2      | Reached skill level 1 in Staves
  2217 | D:2      | Reached skill level 1 in Slings
  2217 | D:2      | Reached skill level 1 in Bows
  2217 | D:2      | Reached skill level 1 in Crossbows
  2217 | D:2      | Reached skill level 1 in Stealth
  2217 | D:2      | Reached skill level 1 in Shields
  2217 | D:2      | Reached skill level 1 in Unarmed Combat
  2217 | D:2      | Reached skill level 1 in Evocations
  2479 | D:1      | Slain by an adder

Illustrated notes

Levels and vault maps discovered:
D:1:      dpeg_arrival_arbitrary_a, layout_basic, serial_shops,
          nicolae_shop_advertising_works [nicolae_subvault_shop_adworks],
          amcnicky_mini_corridor_feature
D:2:      layout_rooms, chequers_ecumenical_altar_simple_redux,
          chequers_serial_rivers_small_b, chequers_big_river
D:3:      layout_basic, zin_statuary, led_sif_pool, uniq_grinder

Skill      XL: |  1  2  3 |
---------------+----------+-----
Spellcasting   | 5 |  5.0
Invocations    | 1 |  1.0
Short Blades   | 1 |  1.0
Long Blades    | 1 |  1.0
Axes           | 1 |  1.0
Maces & Flails | 1 |  1.0
Staves         | 1 |  1.0
Slings         | 1 |  1.0
Bows           | 1 |  1.0
Crossbows      | 1 |  1.0
Stealth        | 1 |  1.0
Shields        | 1 |  1.0
Unarmed Combat | 1 |  1.0
Evocations     | 1 |  1.0
Fighting       | |  4.6
Polearms       | |  4.6
Throwing       | |  2.6
Armour         | |  2.6
Dodging        | |  4.6
Conjurations   | |  0.7
Hexes          | |  0.7
Summonings     | |  0.7
Necromancy     | |  0.7
Translocations | |  5.4
Transmutations | |  0.7
Fire Magic     | |  0.7
Ice Magic      | |  0.7
Air Magic      | |  0.7
Earth Magic    | |  0.7
Poison Magic   | |  0.7

Action                   || total
-------------------------++-------
Melee: Spear             ||   157
       Bite              ||    10
 Cast: Blink             ||     1
 Stab: Sleeping          ||     3
Armor: Leather armour    ||    27
Dodge: Dodged            ||    76
